[Event "FRA-chT Top 12"]
[Site "Brest"]
[Date "2018.06.02"]
[Round "8"]
[White "Jobava, Baadur"]
[Black "Fressinet, Laurent"]
[Result "1-0"]
[ECO "C68"]
[WhiteElo "2663"]
[BlackElo "2651"]
[PlyCount "100"]
[EventDate "2018.05.26"]
[EventType "team-tourn"]
[EventRounds "11"]
[EventCountry "FRA"]
[SourceTitle "EXT 2019"]
[Source "ChessBase"]
[SourceDate "2018.10.10"]
[SourceVersion "1"]
[SourceVersionDate "2018.10.10"]
[SourceQuality "1"]
[WhiteTeam "Tremblay en France"]
[BlackTeam "Clichy Echecs 92"]
[WhiteTeamCountry "FRA"]
[BlackTeamCountry "FRA"]
[TimeControl "40/5400+30:1800+30"]

1. e4 e5 2. Nf3 Nc6 3. Bb5 a6 4. Bxc6 dxc6 5. O-O Bd6 6.
Na3 Be6 7. d4 exd4 8. Qxd4 f6 9. Qc3 Ne7 10. Nc4 Bxc4 11. Qxc4 Qd7 12. Nd4 $146 (12. Be3 Ng6
13. Nd4 Ne5 14. Qe2 O-O-O 15. Nf5 Rhe8 16. Rad1 Qf7 17. b3 Bf8 18. Bf4 Ng6 19.
Bg3 Qe6 20. Rxd8+ Rxd8 21. f3 Ne7 22. Ne3 f5 23. Qc4 Qxc4 24. Nxc4 fxe4 25.
fxe4 Ng6 26. h4 Bc5+ 27. Kh2 Rf8 28. Rf3 h5 29. Kh3 b5 30. Nb2 Kd7 31. Rd3+ Ke6
32. Rc3 Bd6 33. Rxc6 Ne5 34. Rxa6 Rf1 35. Bxe5 Kxe5 36. g3 Kxe4 37. Nd3 {
0-1 (37) Ivanchuk,V (2726)-Vidit,S (2715) Riadh 2017}) 12... b5 13. Qb3 c5 14. Ne6 c4 15. Qh3 Kf7 16. Ng5+ Ke8 17. Ne6 Kf7 18. Ng5+ Ke8 19. Qxd7+ Kxd7 20. Nf7 Rhe8 21. Rd1 Kc6 22. Be3 Ng6 23. Nxd6 cxd6 24. a4 Ne5 25. f3 g5 26. Kf2 Reb8 27. axb5+ axb5 28. Ba7 Rd8 29. Ke3 Re8 30. Bd4 h5 31. Bc3 Nd7 32. Rxa8 Rxa8 33. h4 Ra2 (33... gxh4 34. Kf4 Rg8 $132) 34. g3 gxh4 35. gxh4 Ne5 36. Rd5 f5 37. Kf4 fxe4 38. fxe4 Ra1 39. Kf5 Nd7 40. Bb4 Rf1+ 41. Kg5 Nc5 42. Bxc5 dxc5 43. Rd2 Re1 44. Kxh5 Rxe4 45. Kg5 c3 46. bxc3 Re3 47. c4 bxc4 48. h5 Rg3+ 49. Kh4 Rg1 50. Rh2 Kd5 1-0